 Dungeon Crawl Stone Soup version 0.25-a0-835-gb37b1c2 (webtiles) character file.

Game seed: 15235482119068220611, levelgen mode: deterministic

2510 Faca the Fighter (level 9, -9/85 HPs)
             Began as a Grey Draconian Gladiator on Apr 23, 2020.
             Mangled by a red ugly thing (20 damage)
             ... on level 8 of the Dungeon.
             The game lasted 00:14:57 (8002 turns).

Faca the Fighter (Grey Draconian Gladiator)         Turns: 8002, Time: 00:14:57

Health: -9/85      AC: 16    Str: 19    XL:     9   Next: 28%
Magic:  9/9        EV: 12    Int:  9    God:
Gold:   498        SH: 12    Dex: 13    Spells: 8/8 levels left

rFire    . . .     SeeInvis .   x - +4 long sword (curse)
rCold    . . .     Gourm    .   h - +1 tower shield {AC+3}
rNeg     . . .     Faith    .   (armour unavailable)
rPois    +         Spirit   .   b - +0 hat
rElec    .         Reflect  .   (no cloak)
rCorr    .         Harm     .   m - +0 pair of gloves (curse)
MR       .....                  (no boots)
Stlth    +.........             (no amulet)
HPRegen  0.24/turn              i - ring of poison resistance
MPRegen  0.11/turn              v - +4 ring of evasion

@: no status effects
A: walk through water, unfitting armour, unbreathing, cold-blooded, AC +12
a: no special abilities


You were on level 8 of the Dungeon.
You were very hungry.

You visited 2 branches of the dungeon, and saw 9 of its levels.

You collected 498 gold pieces.

Inventory:

Hand Weapons
 x - a cursed +4 long sword (weapon)
Missiles
 c - a throwing net (quivered)
Armour
 b - a +0 hat (worn)
 h - a +1 tower shield of protection (worn)
 m - a cursed +0 pair of gloves (worn)
Jewellery
 i - a ring of poison resistance (left hand)
 r - an uncursed ring of protection from cold
 v - a +4 ring of evasion (right hand)
Wands
 w - a wand of random effects (8)
Scrolls
 n - 3 scrolls of teleportation
 o - 6 scrolls of remove curse
 q - 2 scrolls of blinking
Potions
 e - a potion of ambrosia {unknown}
 f - 2 potions of heal wounds
 g - 2 potions of mutation
 j - a potion of cancellation
 k - a potion of brilliance {unknown}
 l - 4 potions of lignification
 p - 3 potions of resistance
 s - a potion of flight {unknown}
 t - a potion of might {unknown}
 u - 2 potions of curing {unknown}
Comestibles
 d - 17 rations


   Skills:
 + Level 10.0 Fighting
 + Level 9.4 Long Blades
 - Level 1.7 Throwing
 - Level 2.6 Dodging


You had 8 spell levels left.
You didn't know any spells.
Your spell library was empty.

Dungeon Overview and Level Annotations

Branches:
Dungeon (8/15)             Temple (1/1) D:5
   Lair: D:8-11

Altars:
Ashenzari
Cheibriados
Dithmenos
Elyvilon
Gozag
Kikubaaqudgha
Ru
Sif Muna
Trog
Vehumet
Wu Jian
Xom
Yredelemnul
The Shining One


Innate Abilities, Weirdness & Mutations

You can walk through water.
Your dull iron-grey scales are very hard. (AC +12)
You cannot fit into any form of body armour.
You can survive without breathing.
You are cold-blooded and may be slowed by cold attacks.


Message History

The red ugly thing barely misses you. You block the red ugly thing's attack.
You hit the red ugly thing.
The red ugly thing is moderately wounded.
You block the red ugly thing's attack.
You slash the red ugly thing!
You tail-slap the red ugly thing, but do no damage.
The red ugly thing is heavily wounded.
You block the red ugly thing's attack. x2
You are feeling very hungry.
You hit the red ugly thing.
The red ugly thing is heavily wounded.
The red ugly thing bites you.
You are engulfed in flames!
The red ugly thing bites you.
You are engulfed in flames!!
* * * LOW HITPOINT WARNING * * *
You slash the red ugly thing!
The red ugly thing is heavily wounded.
The red ugly thing bites you.
* * * LOW HITPOINT WARNING * * *
You are engulfed in flames!!
You die...

............#######
.#................
...#..##...#####.#
#.##..#.#.........
#.##...##..#####.#
##.##........#
#.....##..##.###
##.............#
#@##.##..#.##.#
#u##.##..#.##.##..
#.##.##......<....
#.##.##..#.######.
...... .... #..##..
#.#. #..# # ...#
#...


You could see a red ugly thing.

Vanquished Creatures
  Grinder (D:3)
  A spriggan (D:7)
  Menkaure (D:6)
  An ice beast (D:7)
  A phantom (D:7)
  A sky beast (D:5)
  4 ogres
  A centaur (D:7)
  4 bullfrogs
  3 scorpions
  A water moccasin skeleton (D:7)
  3 wights (D:7)
  3 crimson imps
  4 hounds
  3 orc priests
  Jessica (D:2)
  4 orc wizards
  5 worker ants
  A hound zombie (D:5)
  4 gnolls
  8 adders
  A shadow imp (D:6)
  An adder skeleton (D:4)
  5 worms
  A dart slug (D:1)
  3 leopard geckos
  11 orcs
  A ball python (D:5)
  5 giant cockroaches
  8 goblins
  10 hobgoblins
  5 jackals (D:5)
  A quokka (D:3)
  3 bats
  3 frilled lizards
  5 kobolds
  9 rats
127 creatures vanquished.

Vanquished Creatures (others)
  An orc wizard (D:5)
1 creature vanquished.

Grand Total: 128 creatures vanquished

Notes
Turn   | Place    | Note
-------+----------+-------------------------------------------
     0 | D:1      | Faca the Draconian Gladiator began the quest for the Orb.
     0 | D:1      | Reached XP level 1. HP: 17/17 MP: 1/1
   353 | D:1      | Reached XP level 2. HP: 25/25 MP: 2/2
   740 | D:1      | Reached skill level 3 in Fighting
  1086 | D:1      | Reached XP level 3. HP: 31/31 MP: 3/3
  1407 | D:2      | Reached XP level 4. HP: 28/40 MP: 4/4
  1625 | D:2      | Noticed Jessica
  1641 | D:2      | Killed Jessica
  1641 | D:2      | Reached skill level 4 in Fighting
  1858 | D:2      | Found a shimmering altar of Xom.
  1858 | D:2      | Found a shimmering altar of Xom.
  1859 | D:2      | Found a shimmering altar of Xom.
  1860 | D:2      | Found a shimmering altar of Xom.
  2160 | D:3      | Noticed Grinder
  2182 | D:3      | Paralysed by Grinder for 7 turns
  2555 | D:3      | Paralysed by Grinder for 6 turns
  2572 | D:3      | Killed Grinder
  2572 | D:3      | Reached skill level 5 in Fighting
  2572 | D:3      | Reached skill level 5 in Long Blades
  2572 | D:3      | Reached XP level 5. HP: 6/48 MP: 5/5
  2572 | D:3      | Reached XP level 6. HP: 7/56 MP: 6/6
  2938 | D:3      | Found an ancient bone altar of Kikubaaqudgha.
  2938 | D:3      | Noticed a human
  3517 | D:4      | Reached skill level 6 in Fighting
  3745 | D:4      | Your scales start taking on a dull iron-grey colour.
  3745 | D:4      | Reached XP level 7. HP: 39/63 MP: 7/7
  3745 | D:4      | Gained mutation: You can survive without breathing. [Grey
                  | Draconian growth]
  4543 | D:5      | Entered Level 5 of the Dungeon
  4743 | D:5      | Noticed a moth of wrath
  4748 | D:5      | Found a bloodstained altar of Trog.
  4767 | D:5      | Reached skill level 7 in Fighting
  5019 | D:5      | Found a sacrificial altar of Ru.
  5053 | D:5      | Found a staircase to the Ecumenical Temple.
  5074 | D:5      | Reached XP level 8. HP: 51/73 MP: 8/8
  5099 | Temple   | Entered the Ecumenical Temple
  5276 | D:5      | Found an ornate altar of the Wu Jian Council.
  5276 | D:5      | Found a shattered altar of Ashenzari.
  5481 | D:5      | Reached skill level 8 in Fighting
  5672 | D:6      | Noticed Menkaure
  5947 | D:6      | Killed Menkaure
  7038 | D:7      | Reached skill level 9 in Fighting
  7142 | D:7      | Reached XP level 9. HP: 83/83 MP: 9/9
  7988 | D:8      | Reached skill level 10 in Fighting
  7989 | D:8      | Noticed a red ugly thing
  8002 | D:8      | Mangled by a red ugly thing

Levels and vault maps discovered:
D:1:      onia_arrival_pyramid, layout_basic
D:2:      layout_rooms, xom_redecorated, kennysheep_generic_room_7, uniq_jessica
D:3:      layout_rooms, first_ration, tgw_kikubaaqudgha, uniq_grinder
D:4:      layout_loops_ring
D:5:      layout_loops_ring, lemuel_coloured_pillars_altar, tgw_trog,
          gammafunk_temple_overflow_elements, minmay_temple_entry_proselytizer,
          minmay_misc_feat_rows, corexii_leaking_fountain
D:6:      layout_cave_pods, uniq_menkaure
D:7:      layout_cave_pods, the_bakery
D:8:      layout_loops_ring, minitemple, serial_shops, shop, st_stairs_1,
          minmay_manual_mares
Temple:   jpeg_temple_island

Skill      XL: |  1  2  3  4  5  6  7  8  9 |
---------------+----------------------------+-----
Fighting       | 3 5 6 7 9 10 | 10.0
Long Blades    | 4 5 6 7 8 9 |  9.4
Throwing       | |  1.7
Dodging        | |  2.6

Action                   |  1- 3 |  4- 6 |  7- 9 || total
-------------------------+-------+-------+-------++-------
Melee: Long sword        |    73 |   137 |   370 ||   580
       Tailslap          |     8 |    19 |    54 ||    81
Throw: Throwing net      |       |     2 |       ||     2
Evoke: Wand              |       |       |     6 ||     6
  Use: Scroll            |     2 |     6 |     6 ||    14
 Stab: Sleeping          |     2 |     1 |     2 ||     5
       Held in net/web   |       |     1 |       ||     1
       Confused          |       |       |     1 ||     1
  Eat: Chunk             |     1 |     8 |    10 ||    19
       Ration            |       |       |     1 ||     1
Armor: Skin              |    25 |    59 |   135 ||   219
Dodge: Dodged            |    28 |    41 |   112 ||   181
Block: Tower shield      |    26 |    86 |   222 ||   334
       Rpst.: Long sword |     9 |    13 |    32 ||    54

Table legend:
 A = Non-vault XP
 B = Vault XP
 C = Vault XP percentage of total XP
 D = Non-vault monster count
 E = Vault monster count
 F = Vault count percentage of total count
                 A         B        C        D         E       F
            +---------+---------+-------+---------+---------+-------
      Total |    2819 |     768 |  21.4 |     116 |      12 |   9.4
            +---------+---------+-------+---------+---------+-------
        D:1 |      74 |      15 |  16.9 |      20 |       2 |   9.1
        D:2 |      30 |      37 |  55.2 |      12 |       1 |   7.7
        D:3 |      45 |     272 |  85.8 |      16 |       1 |   5.9
        D:4 |     542 |       0 |   0.0 |      16 |       0 |   0.0
        D:5 |     738 |      54 |   6.8 |      24 |       6 |  20.0
        D:6 |     343 |     175 |  33.8 |       8 |       1 |  11.1
        D:7 |    1004 |     215 |  17.6 |      19 |       1 |   5.0
        D:8 |      43 |       0 |   0.0 |       1 |       0 |   0.0
            +---------+---------+-------+---------+---------+-------
